 Dungeon Crawl Stone Soup version 0.30-a0-1112-gfb780f5df6 (webtiles) character file.

Game seed: 10447225126219465957

49 odemus the Shooter (level 3, -10/33 HPs)
             Began as a Naga Hunter on Apr 19, 2023.
             Killed by divine providence
             ... invoked by an orc priest
              (12 damage)
             ... on level 3 of the Dungeon.
             The game lasted 00:20:51 (1834 turns).

odemus the Shooter (Naga Hunter)                    Turns: 1834, Time: 00:20:52

Health: -10/33     AC:  2    Str: 13    XL:     3   Next: 77%
Magic:  3/3        EV:  9    Int:  9    God:
Gold:   159        SH:  0    Dex: 16    Spells: 2/2 levels left

rFire   . . .      SeeInvis +    a - +0 shortbow
rCold   . . .      Faith    .    (shield currently unavailable)
rNeg    . . .      Spirit   .    c - +0 leather armour
rPois   +          Reflect  .    (no helmet)
rElec   .          Rampage  .    (no cloak)
rCorr   +                        (no gloves)
Will    .....                    (no barding)
Stlth   ++                       (no amulet)
HPRegen 0.25/turn                p - ring of resist corrosion
MPRegen 0.08/turn                (no ring)

@: flying, very slow
A: AC +1, large, see invisible, deformed body, poison resistance, slowness 2,
spit poison 1, naga tail 1
a: Spit Poison


You were on level 3 of the Dungeon.
You visited 1 branch of the dungeon, and saw 3 of its levels.

You collected 159 gold pieces.

Inventory:

Hand Weapons
 a - a +0 shortbow (weapon)
 e - a +0 short sword
Missiles
 f - 27 stones
 w - a throwing net
Armour
 c - a +0 leather armour (worn)
 m - a +0 barding
 o - a +0 helmet
 t - a +0 robe
Magical Staves
 i - a staff of poison
Jewellery
 j - a +6 ring of intelligence
 p - a ring of resist corrosion (left hand)
Scrolls
 b - a scroll of immolation
 g - 2 scrolls of noise
 k - a scroll of vulnerability
 n - a scroll of poison {unknown}
 s - a scroll of enchant armour {unknown}
Potions
 d - a potion of lignification {unknown}
 h - a potion of flight
 q - a potion of degeneration {unknown}
 v - a potion of ambrosia {unknown}


   Skills:
 + Level 2.3 Fighting
 + Level 4.5 Ranged Weapons
 + Level 0.4 Armour
 + Level 1.6 Dodging
 * Level 1.7 Stealth


You had 2 spell levels left.
You didn't know any spells.
Your spell library was empty.

Dungeon Overview and Level Annotations

Branches:
Dungeon (3/15)

Altars:

Annotations:
D:2 Robin


Innate Abilities, Weirdness & Mutations

Your serpentine skin is tough. (AC +1)
You have supernaturally acute eyesight. (SInv)
Armour fits poorly on your strangely shaped body.
Your system is resistant to poisons. (rPois)
You cover ground very slowly.
You can spit poison.
You have a snake-like lower body.


Message History

The hobgoblin yells at you, "GO AWAY!" The phantom barely misses you.
The phantom attacks as you move away! The phantom misses you.
The phantom barely misses you. The phantom hits you.
As you read the scroll of immolation, it crumbles to dust.
The creatures around you are filled with an inner flame!
The phantom hits you.
The phantom blinks!
You blink.
The phantom completely misses you. x2
The phantom hits you.
The phantom blinks!
You blink.
The orc shouts!
The phantom attacks as you move away! The phantom barely misses you.
The phantom hits you but does no damage.
The orc noisily roars encouragement to no one in particular.
There is a stone staircase leading up here.
The phantom hits you.
The phantom blinks!
You blink.
The phantom attacks as you move away! The phantom hits you.
The phantom hits you!
* * * LOW HITPOINT WARNING * * *
The phantom attacks as you move away! The phantom closely misses you.
The hobgoblin hits you.
* * * LOW HITPOINT WARNING * * *
The hobgoblin misses you. The orc barely misses you.
The orc completely misses you. The orc barely misses you. The phantom hits you.
* * * LOW HITPOINT WARNING * * *
The orc barely misses you.
The hobgoblin hits you but does no damage.
Really slither into that dispersal trap?
The hobgoblin attacks as you move away! The hobgoblin closely misses you.
You enter a dispersal trap!
The phantom blinks!
The orc blinks! x2
The hobgoblin blinks!
The phantom blinks!
The orc priest blinks!
The phantom blinks!
The orc blinks! x2; The phantom blinks!
The hobgoblin blinks!
You blink.
It was a potion of flight.
You feel very buoyant.
You fly up into the air.
The hobgoblin attacks as you move away! The hobgoblin barely misses you.
The orc priest mumbles some strange prayers to Beogh against you.
Beogh smites you!
You die...

#############
##.....#..^..##
##..........§..##
##............§..#
#........<...[o..#
.....[...........#
#..............g@#
#>........§.§.o..#
#.........§o.....#
#.#........(....##
..#............##
#..$....oW######
..#.......#
...o......#
.#........#


You could see a phantom (inner flame), an orc priest, 2 orcs and a hobgoblin.

Vanquished Creatures
  A ball python (D:1)
  3 bats
  2 giant cockroaches (D:1)
  9 goblins
  9 hobgoblins
  3 jackals (D:1)
  6 kobolds
  2 quokkas
  A frilled lizard (D:1)
  5 rats
41 creatures vanquished.

Vanquished Creatures (others)
  A fungus (D:3)
  A plant (D:3)
2 creatures vanquished.

Grand Total: 43 creatures vanquished

Notes
Turn   | Place    | Note
-------+----------+-------------------------------------------
     0 | D:1      | odemus the Naga Hunter began the quest for the Orb.
     0 | D:1      | Reached XP level 1. HP: 19/19 MP: 1/1
   153 | D:1      | Reached skill level 4 in Ranged Weapons
   153 | D:1      | Reached XP level 2. HP: 26/26 MP: 2/2
   543 | D:1      | Reached XP level 3. HP: 32/32 MP: 3/3
  1376 | D:2      | Noticed Robin
  1649 | D:3      | Noticed a phantom
  1831 | D:3      | HP: 1/33 [phantom (4)]
  1834 | D:3      | Killed from afar by an orc priest

Illustrated notes

Levels and vault maps discovered:
D:1:      minmay_arrival_four_houses, layout_basic, grunt_decor_mini_mirrors
D:2:      layout_basic, uniq_robin
D:3:      layout_rooms, shapermc_ecumenical_altar_mp_ritualfount,
          uniq_crazy_yiuf_cottage

Skill      XL: |  1 |
---------------+----+-----
Ranged Weapons | 4 |  4.5
Fighting       | |  2.3
Armour         | |  0.4
Dodging        | |  1.6
Stealth        | |  1.7

Action                     || total
---------------------------++-------
   Fire: Shortbow          ||    63
Ability: Spit Poison       ||    22
    Use: Scroll            ||    10
         Potion            ||     3
 Armour: Leather armour    ||    25
  Dodge: Dodged            ||    69

Table legend: (Time is in decaauts)
 A = Elapsed time spent in this place.
 B = Non-inter-level travel time spent in this place.
 C = Inter-level travel time spent in this place.
 D = Time resting spent in this place.
 E = Time spent auto-exploring this place.
 F = Levels seen in this place.
 G = Mean time per level.
                   A        B        C        D        E       F      G
               +--------+--------+--------+--------+--------+-----+--------+
         Total |   2520 |   2520 |      0 |      0 |    518 |   3 |  840.0 |
       Dungeon |   2520 |   2520 |      0 |      0 |    518 |   3 |  840.0 |
               +--------+--------+--------+--------+--------+-----+--------+

Top non-repeatable levels by time:
     D:2: 1334 daAuts
     D:1: 1126 daAuts
     D:3: 59 daAuts
